 Dungeon Crawl Stone Soup version 0.17-a0-1404-gb8113a6 (webtiles) character file.

508 urechis the Spear-Bearer (level 7, 0/54 HPs)
             Began as a Merfolk Gladiator on June 21, 2015.
             Was an Initiate of Yredelemnul.
             Slain by an ogre
             ... wielding a +0 giant club
              (12 damage)
             ... on level 4 of the Dungeon.
             The game lasted 00:06:48 (3823 turns).

urechis the Spear-Bearer (Merfolk Gladiator)        Turns: 3823, Time: 00:06:48

Health: 0/54       AC:  7    Str: 15    XL:     7   Next: 18%
Magic:  7/7        EV: 14    Int:  8    God:    Yredelemnul [......]
Gold:   139        SH:  0    Dex: 16    Spells: 0 memorised, 6 levels left

rFire  . . .     SeeInvis +     v - +3 spear
rCold  + . .     Clarity  .     u - +2 leather armour {rC+}
rNeg   . . .     SustAt   .     (no shield)
rPois  .         Gourm    .     c - +0 helmet
rElec  .         Spirit   .     (no cloak)
rCorr  .         Warding  .     (no gloves)
rMut   .         Stasis   .     o - +0 pair of boots
MR     .....                    (no amulet)
Stlth  +.........               (no ring)
                                j - ring of see invisible

@: not resistant to hostile enchantments, very unstealthy
A: change form in water, swift swim
a: Renounce Religion


You were on level 4 of the Dungeon.
You worshipped Yredelemnul.
Yredelemnul was noncommittal.
You were very hungry.

You visited 2 branches of the dungeon, and saw 5 of its levels.

You collected 139 gold pieces.

Inventory:

Hand weapons
 a - a +0 trident
 v - a +3 spear (weapon)
Missiles
 e - 4 throwing nets (quivered)
Armour
 c - a +0 helmet (worn)
 o - a +0 pair of boots (worn)
 u - a +2 leather armour of cold resistance (worn)
Jewellery
 j - a ring of see invisible (left hand)
Scrolls
 b - a scroll of random uselessness {unknown}
 g - 2 scrolls of teleportation {unknown}
 h - 2 scrolls of immolation {unknown}
 i - 4 scrolls of identify {unknown}
 n - a scroll of amnesia {unknown}
 p - 2 scrolls of remove curse {unknown}
 t - 3 scrolls of fear {unknown}
 w - a scroll of fog {unknown}
 x - a scroll of enchant armour {unknown}
Potions
 f - 3 potions of cure mutation {unknown}
 k - 3 potions of curing {unknown}
 l - a potion of might {unknown}
 m - 3 potions of cancellation {unknown}
 q - a potion of mutation {unknown}
 r - a potion of resistance {unknown}
 s - a potion of flight {unknown}
 z - 2 potions of ambrosia {unknown}
Comestibles
 d - 3 bread rations


   Skills:
 * Level 4.1 Fighting
 + Level 10.0 Polearms
 - Level 2.0 Throwing
 + Level 4.8 Dodging


You had 6 spell levels left.
You didn't know any spells.

Dungeon Overview and Level Annotations

Branches:
Dungeon (4/15)             Temple (1/1) D:4

Altars:
Cheibriados
Dithmenos
Elyvilon
Fedhas
Gozag
Okawaru
Qazlal
Ru
Sif Muna
Trog
Vehumet
Yredelemnul
Zin


Message History

You hit the ogre.
The ogre is moderately wounded.
You hit the ogre.
The ogre is heavily wounded.
You hit the ogre.
The ogre is heavily wounded.
The ogre closely misses you.
You barely miss the ogre.
The ogre is heavily wounded.
You hit the ogre.
The ogre is heavily wounded.
The ogre hits you with a giant club!
* * * LOW HITPOINT WARNING * * *
You hit the ogre.
The ogre is severely wounded.
You hit the ogre.
The ogre is almost dead.
The ogre hits you with a giant club!
You die...
Your body rises from the dead as a mindless zombie.

........#..##.#
#####......##.#
##..........#.#
##........#.#.##
..........#....#
..........##.#.#
....#.....##...#
....#.....##...######
#####.....##....@O.$#
...
#.....##....###.....#
##. #.....##.#..#
..##.# .....##.#..#
O.# #.#.># ... #.####
..## ... ..# .#. ..#
.#


You could see an ogre.

Vanquished Creatures
  A phantom (D:4)
  A giant frog (D:3)
  2 hounds (D:4)
  2 orc wizards (D:3)
  A worker ant (D:4)
  7 gnolls
  8 adders
  An ooze (D:1)
  A worm (D:4)
  A giant gecko (D:4)
  8 orcs (D:3)
  A ball python (D:4)
  9 bats
  2 giant cockroaches
  6 hobgoblins
  4 giant newts
  5 goblins
  A jackal skeleton (D:4)
  7 kobolds
  A quokka (D:3)
  6 rats
75 creatures vanquished.

Vanquished Creatures (others)
  An orc wizard (D:3)
1 creature vanquished.

Grand Total: 76 creatures vanquished

Notes
Turn   | Place    | Note
--------------------------------------------------------------
     0 | D:1      | urechis the Merfolk Gladiator began the quest for the Orb.
     0 | D:1      | Reached XP level 1. HP: 16/16 MP: 1/1
   110 | D:1      | You fall through a shaft!
   142 | D:1      | Reached skill level 5 in Polearms
   362 | D:1      | Reached XP level 2. HP: 22/22 MP: 2/2
  1112 | D:2      | Reached XP level 3. HP: 27/27 MP: 3/3
  1121 | D:2      | Reached skill level 6 in Polearms
  1537 | D:2      | Reached skill level 7 in Polearms
  1537 | D:2      | Reached XP level 4. HP: 25/33 MP: 4/4
  1732 | D:3      | Reached skill level 8 in Polearms
  1732 | D:3      | Reached XP level 5. HP: 38/38 MP: 5/5
  1918 | D:3      | Reached skill level 9 in Polearms
  2389 | D:3      | Noticed a giant frog
  2401 | D:3      | Killed a giant frog
  2401 | D:3      | Reached XP level 6. HP: 16/44 MP: 6/6
  3067 | D:4      | Found an opulent altar of Gozag.
  3359 | D:4      | Found a staircase to the Ecumenical Temple.
  3483 | Temple   | Entered the Ecumenical Temple
  3551 | Temple   | Became a worshipper of Yredelemnul the Dark
  3780 | D:4      | Reached XP level 7. HP: 35/53 MP: 7/7
  3807 | D:4      | Reached skill level 10 in Polearms
  3823 | D:4      | Slain by an ogre

Vault maps used:
D:1:      dpeg_arrival_central
D:3:      first_bread, grunt_ministairs_7
D:4:      grunt_gozag_breadcrumbs, temple_hall
Temple:   oiseaux_autumnal_temple_12

Action                   |  1- 3 |  4- 6 |  7- 9 || total
-------------------------+-------+-------+-------++-------
Melee: Trident           |    82 |   160 |       ||   242
       Spear             |       |    37 |    21 ||    58
 Stab: Sleeping          |     1 |     2 |       ||     3
       Distracted        |       |     2 |       ||     2
  Eat: Chunk             |     2 |     6 |       ||     8
